Map: Rooftop Terrace

Players

A.I. 7 (Hard)

  • Race: Zerg Zerg
  • Spawn Location: 6:00

A.I. 6 (Hard)

  • Race: Terran Terran
  • Spawn Location: 5:00

A.I. 5 (Hard)

  • Race: Protoss Protoss
  • Spawn Location: 7:00

A.I. 4 (Hard)

  • Race: Protoss Protoss
  • Spawn Location: 6:00

A.I. 3 (Hard)

  • Race: Terran Terran
  • Spawn Location: 12:00

A.I. 2 (Hard)

  • Race: Protoss Protoss
  • Spawn Location: 11:00

A.I. 1 (Hard)

  • Race: Protoss Protoss
  • Spawn Location: 12:00

idunnou

  • Race: Terran Terran
  • Spawn Location: 1:00

VOD

Have the link to the VOD?

Description

test DL on here lmao :D

Time

  • Played on: Nov. 19, 2022, 11:24 p.m.
  • Length: 11:16
Show
View Real Time Build Order
Export as new Build Order

A.I. 7 (Hard) Zerg 

Build Orders: 1 Base Baneling Bust, Pool First 

Get SALT Encoding   

  12  0:01  Drone  
  13  0:12  Overlord  
  13  0:17  Drone  
  14  0:31  Drone  
  14  0:32  Drone  
  16  0:44  Spawning Pool  
  16  0:45  Drone  
  16  0:50  Drone  
  16  0:52  Extractor  
  16  0:55  Drone  
  17  1:06  Overlord  
  17  1:31  Zergling x2  
  17  1:32  Queen  
  18  1:38  Drone  
  21  1:40  Roach Warren  
  21  1:42  Extractor  
  21  1:43  Zergling x2  
  20  1:49  Drone  
  21  2:00  Drone  
  22  2:13  Drone  
  23  2:22  Roach  
  25  2:32  Drone  
  26  2:39  Overlord  
  26  2:40  Roach  
  30  2:51  Roach  
  30  2:57  Overlord  
  30  3:03  Roach  
  32  3:14  Roach  
  32  3:19  Overlord  
  34  3:26  Roach  
  36  3:37  Roach  
  38  3:44  Overlord  
  38  3:48  Drone  
  39  3:49  Roach  
  39  3:53  Drone  
  42  3:56  Drone  
  42  4:00  Roach  
  45  4:06  Drone  
  45  4:15  Roach, Drone  
  48  4:17  Baneling Nest  
  48  4:18  Drone  
  48  4:26  Roach  
  48  4:29  Evolution Chamber  
  49  4:38  Zergling x2  
  50  4:39  Drone  
  51  4:46  Drone  
  51  4:50  Roach  
  54  6:33  Lair  
  54  6:34  Overlord  
  54  6:35  Zergling x2  
  54  6:37  Zerg Melee Weapons Level 1, Drone  
  54  6:38  Evolution Chamber  
  54  6:39  Drone  
  56  6:43  Spore Crawler  
  56  6:45  Hatchery, Drone  
  55  6:47  Zergling x2  
  55  6:48  Metabolic Boost  
  55  6:51  Spore Crawler  
  55  6:52  Drone  
  55  6:54  Drone  
  57  6:55  Overlord, Baneling  
  57  6:56  Baneling  
  57  6:58  Drone  
  58  7:02  Zergling x2  
  58  7:04  Zerg Ground Armor Level 1  
  58  7:08  Zergling x2  
  60  7:14  Zergling x2  
  59  7:20  Zergling x2  
  44  7:26  Zergling x2  
  37  7:32  Burrow  
  37  7:34  Overseer  
  37  7:37  Spire  
  37  7:39  Drone  
  37  7:46  Overseer  
  37  7:47  Spine Crawler  
  37  7:51  Drone  
  37  7:52  Spine Crawler  
  37  7:54  Drone  
  37  7:59  Drone  
  37  8:00  Drone  
  37  8:02  Drone  
  37  8:04  Drone  
  42  8:05  Drone  
  42  8:07  Drone  
  42  8:11  Drone  
  44  8:17  Drone  
  44  8:19  Drone  
  46  8:30  Drone  
  46  8:31  Zerg Missile Weapons Level 1, Drone  
  46  8:32  Spore Crawler  
  46  8:34  Drone  
  48  8:35  Drone  
  48  8:36  Spore Crawler  
  48  8:37  Drone  
  48  8:40  Drone  
  50  8:43  Drone  
  51  8:48  Queen  
  51  8:50  Drone  
  51  8:53  Drone  
  55  8:58  Queen  
  55  8:59  Mutalisk  
  55  9:00  Drone  
  55  9:02  Drone  
  61  9:04  Drone  
  61  9:05  Drone  
  60  9:12  Zergling x2  
  57  9:18  Zergling x2  
  57  9:24  Zergling x2  
  59  9:26  Drone  
  60  9:31  Zergling x2  
  60  9:32  Spine Crawler, Drone  
  60  9:34  Drone  
  60  9:37  Spine Crawler, Zergling x2  
  60  9:38  Drone  
  60  9:44  Hydralisk Den  
  60  9:45  Drone  
  60  9:47  Baneling  
  60  9:49  Mutalisk, Baneling  
  60  9:52  Extractor  
  60  9:56  Zergling x2  
  60  9:58  Extractor  
  59  10:02  Zergling x2  
  59  10:05  Drone  
  59  10:06  Infestation Pit  
  60  10:07  Drone  
  60  10:08  Mutalisk  
  60  10:09  Drone  
  62  10:15  Zergling x2  
  62  10:17  Drone  
  64  10:22  Zergling x2  
  64  10:23  Drone  
  64  10:29  Zergling x2  
  64  10:30  Drone  
  64  10:32  Overlord  
  64  10:35  Mutalisk  
  68  10:41  Mutalisk, Overseer  
  70  10:43  Overseer  
  70  10:47  Roach  
  72  10:53  Overlord, Roach  
Show
View Real Time Build Order
Export as new Build Order

A.I. 6 (Hard) Terran 

Build Orders:  

Get SALT Encoding   

  12  0:01  SCV  
  13  0:13  SCV  
  14  0:20  Supply Depot  
  14  0:25  SCV  
  15  0:42  SCV  
  16  0:47  Barracks  
  16  0:51  Refinery  
  16  0:54  SCV  
  17  1:06  SCV  
  18  1:18  SCV  
  19  1:22  Supply Depot  
  19  1:30  SCV  
  20  1:34  Marine  
  21  1:47  Orbital Command, Barracks  
  21  1:52  Marine  
  21  1:53  Refinery  
  22  2:02  Factory  
  22  2:10  Barracks Tech Lab  
  22  2:23  Supply Depot  
  22  2:28  Marine  
  23  2:39  Marine  
  24  2:49  Hellion  
  26  2:58  Supply Depot  
  26  2:59  Marine  
  27  3:09  Marine  
  28  3:19  Marine  
  29  3:30  Marine  
  29  3:33  Supply Depot  
  30  3:40  Marine, SCV  
  32  3:50  Hellion  
  32  3:53  SCV  
  32  3:54  Engineering Bay  
  35  4:01  Marine  
  36  4:05  SCV  
  37  4:12  Hellion  
  40  4:17  SCV  
  40  4:21  Supply Depot  
  40  4:23  Marauder  
  42  4:29  SCV  
  43  4:33  Hellion  
  45  4:41  SCV  
  45  4:44  Marauder  
  48  4:55  Hellion  
  50  5:08  Marine  
  49  5:18  Marine  
  50  6:43  Barracks Tech Lab  
  50  6:46  SCV  
  51  6:47  Stimpack  
  51  6:48  Marauder  
  51  6:49  Factory  
  51  6:50  Terran Infantry Weapons Level 1  
  51  6:51  Command Center  
  51  6:52  Factory Tech Lab  
  49  6:58  SCV  
  42  7:01  Marine  
  42  7:02  Starport  
  42  7:03  Concussive Shells  
  42  7:07  Starport  
  41  7:10  Marine  
  41  7:11  Supply Depot  
  42  7:16  Missile Turret  
  42  7:20  Cyclone  
  45  7:23  Missile Turret  
  45  7:29  Marine  
  46  7:30  Barracks  
  46  7:33  Factory Tech Lab  
  46  7:38  Starport Tech Lab  
  46  7:47  Combat Shield  
  46  7:52  Siege Tank  
  46  7:53  Sensor Tower  
  46  7:54  Starport Tech Lab  
  46  7:56  Marine  
  46  7:57  Raven  
  42  8:01  Bunker  
  42  8:03  SCV  
  42  8:05  Refinery  
  43  8:06  Marine, SCV  
  45  8:13  Raven, Missile Turret  
  45  8:15  Marine, SCV  
  45  8:17  Missile Turret  
  45  8:18  SCV  
  50  8:20  Refinery  
  50  8:24  Marine  
  51  8:28  SCV  
  51  8:30  SCV  
  51  8:33  Marine  
  54  8:40  SCV  
  55  8:44  Terran Infantry Armor Level 1, Marauder  
  55  8:46  SCV  
  58  8:48  Bunker  
  58  8:52  Marine, SCV  
  60  8:58  Armory, Barracks Reactor, SCV  
  61  9:04  SCV  
  61  9:05  Marauder  
  63  9:10  SCV  
  63  9:12  Siege Tank  
  63  9:16  SCV  
  63  9:20  Marine  
  63  9:22  SCV  
  62  9:28  SCV  
  62  9:29  Marine  
  63  9:34  SCV  
  63  9:38  Marine  
  65  9:40  SCV  
  66  9:46  SCV  
  66  9:47  Marine  
  66  9:52  SCV  
  69  9:56  Marine  
  69  9:58  SCV  
  70  10:04  Marine, SCV  
  72  10:11  SCV  
  72  10:13  Cyclone  
  76  10:16  SCV  
  76  10:20  Supply Depot  
  77  10:23  SCV  
  77  10:28  Marine, SCV  
  76  10:35  SCV  
  78  10:37  Marine  
  78  10:41  SCV  
  80  10:45  Marine  
  80  10:47  SCV  
  82  10:53  SCV  
  86  10:59  Supply Depot  
  88  11:15  Engineering Bay  
Show
View Real Time Build Order
Export as new Build Order

A.I. 5 (Hard) Protoss 

Build Orders:  

Get SALT Encoding   

  12  0:01  Probe  
  13  0:13  Probe  
  14  0:21  Pylon  
  14  0:25  Probe  
  15  0:35  Probe  
  16  0:43  Probe  
  16  0:48  Assimilator  
  17  0:53  Gateway, Probe  
  18  1:01  Probe  
  18  1:05  Pylon  
  19  1:23  Probe  
  20  1:41  Zealot  
  20  1:45  Gateway  
  22  1:49  Cybernetics Core  
  22  1:50  Assimilator  
  22  2:03  Pylon  
  22  2:18  Zealot  
  24  2:25  Warp Gate  
  24  2:32  Adept  
  26  2:45  Adept  
  26  2:46  Pylon  
  28  2:55  Stalker  
  30  3:08  Probe  
  31  3:14  Adept  
  33  3:20  Probe  
  33  3:21  Adept  
  33  3:27  Pylon  
  36  3:32  Probe  
  37  3:40  Forge  
  37  3:44  Adept, Probe  
  40  3:51  Adept  
  42  3:56  Probe  
  43  4:06  Probe  
  44  4:22  Adept  
  46  4:57  Protoss Ground Weapons Level 1  
  46  5:04  Stalker  
  46  5:05  Probe  
  49  5:09  Gateway  
  49  5:13  Stalker  
  51  5:15  Pylon  
  51  5:17  Probe  
  52  5:22  Photon Cannon  
  52  5:27  Stalker  
  52  5:31  Photon Cannon  
  46  5:36  Stalker  
  46  5:39  Robotics Facility  
  45  5:44  Probe  
  46  5:50  Zealot  
  48  6:01  Sentry  
  46  6:11  Stalker  
  42  6:18  Pylon  
  42  6:20  Adept  
  44  6:27  Observer  
  44  6:29  Adept  
  44  6:30  Stargate  
  47  6:38  Twilight Council  
  47  6:39  Stalker  
  49  6:48  Sentry  
  49  6:49  Observer  
  52  6:57  Forge  
  52  6:58  Zealot  
  54  7:05  Blink  
  54  7:06  Protoss Ground Armor Level 1  
  54  8:06  Stalker  
  48  8:16  Stalker  
  44  8:27  Stalker  
  40  8:36  Zealot  
  37  8:46  Zealot  
  39  8:52  Observer  
  40  8:56  Stalker  
  42  9:06  Stalker, Gateway  
  44  9:11  Nexus  
  44  9:13  Warp Prism  
  42  9:17  Stalker  
  42  9:18  Robotics Facility  
  44  9:27  Adept  
  38  9:38  Sentry  
  38  9:44  Stargate  
  38  9:48  Warp Prism  
  38  9:50  Adept  
  40  10:00  Sentry  
  40  10:09  Warp Prism  
  40  10:11  Stalker  
  38  10:21  Stalker  
  38  10:31  Stalker  
  38  10:32  Assimilator  
  40  10:37  Assimilator  
  40  10:41  Zealot  
  42  10:52  Stalker  
  47  11:14  Stalker  
Show
View Real Time Build Order
Export as new Build Order

A.I. 4 (Hard) Protoss 

Build Orders:  

Get SALT Encoding   

  12  0:01  Probe  
  13  0:13  Probe  
  14  0:22  Pylon  
  14  0:25  Probe  
  15  0:36  Probe  
  16  0:44  Probe  
  16  0:47  Assimilator  
  17  0:53  Probe  
  17  0:54  Gateway  
  18  1:01  Probe  
  18  1:03  Pylon  
  19  1:22  Probe  
  20  1:41  Zealot  
  20  1:43  Cybernetics Core  
  20  1:46  Gateway  
  22  1:49  Assimilator  
  22  2:06  Pylon  
  22  2:16  Stalker  
  24  2:25  Warp Gate  
  24  2:33  Zealot  
  26  2:44  Stalker  
  28  2:54  Pylon  
  28  3:00  Stalker  
  30  3:06  Stalker  
  30  3:19  Probe  
  33  3:30  Adept  
  33  3:31  Probe  
  36  3:38  Stalker  
  36  3:39  Pylon  
  38  3:43  Probe  
  39  3:51  Forge  
  39  3:55  Probe  
  40  4:00  Stalker  
  42  4:05  Probe  
  43  4:13  Probe  
  43  4:15  Adept  
  46  6:05  Sentry  
  46  6:07  Probe  
  46  6:08  Protoss Ground Weapons Level 1  
  46  6:10  Gateway  
  49  6:15  Zealot, Nexus, Twilight Council  
  51  6:19  Probe  
  50  6:26  Sentry  
  50  6:28  Pylon  
  50  6:32  Photon Cannon  
  46  6:36  Stalker  
  46  6:38  Photon Cannon  
  44  6:42  Stargate  
  44  6:44  Blink  
  44  6:45  Forge  
  44  6:48  Robotics Facility  
  44  6:49  Adept  
  46  6:59  Stalker  
  48  7:09  Adept  
  50  7:17  Protoss Ground Armor Level 1  
  50  7:19  Zealot  
  52  7:29  Probe  
  53  7:31  Stalker  
  53  7:34  Probe  
  53  7:36  Assimilator, Observer  
  57  7:41  Probe  
  58  7:44  Pylon  
  58  7:46  Probe  
  58  7:47  Pylon  
  58  7:50  Assimilator  
  59  7:53  Probe  
  59  7:57  Observer  
  59  7:58  Probe  
  62  8:06  Probe  
  62  8:10  Probe  
  62  8:12  Photon Cannon  
  64  8:17  Probe  
  64  8:19  Photon Cannon  
  65  8:21  Probe  
  65  8:25  Probe  
  66  8:29  Probe  
  66  8:32  Stalker  
  66  8:33  Probe  
  66  8:37  Probe  
  55  8:44  Stalker  
  55  8:48  Probe  
  47  8:50  Probe  
  47  8:54  Zealot  
  50  9:00  Probe  
  50  9:03  Probe  
  50  9:04  Stalker  
  53  9:12  Probe  
  53  9:15  Zealot, Probe  
  57  9:23  Observer  
  58  9:24  Probe  
  58  9:25  Sentry  
  58  9:27  Probe  
  61  9:35  Adept  
  61  9:36  Probe  
  64  9:39  Probe  
  64  9:44  Observer  
  66  9:45  Zealot  
  66  9:48  Probe  
  66  9:51  Probe  
  69  9:56  Stalker  
  71  10:01  Probe  
  71  10:03  Probe  
  73  10:07  Stalker  
  73  10:13  Probe  
  76  10:15  Probe  
  76  10:17  Stalker  
  79  10:23  Warp Prism  
  79  10:25  Probe, Pylon  
  79  10:26  Sentry  
  80  10:35  Gateway  
  80  10:36  Adept  
  80  10:38  Phoenix  
  80  10:40  Robotics Facility  
  82  10:44  Stargate  
  84  10:51  Pylon  
  84  11:00  Robotics Bay  
  76  11:13  Zealot  
Show
View Real Time Build Order
Export as new Build Order

A.I. 3 (Hard) Terran 

Build Orders:  

Get SALT Encoding   

  12  0:01  SCV  
  13  0:13  SCV  
  14  0:20  Supply Depot  
  14  0:25  SCV  
  15  0:42  SCV  
  16  0:48  Barracks  
  16  0:53  Refinery  
  16  0:54  SCV  
  17  1:06  SCV  
  18  1:18  SCV  
  19  1:27  Supply Depot  
  19  1:34  SCV  
  19  1:36  Marine  
  21  1:51  Orbital Command, Barracks  
  21  1:54  Marine  
  21  1:58  Refinery  
  22  2:13  Barracks Tech Lab  
  22  2:17  Supply Depot  
  22  2:30  Marine  
  23  2:37  Marine  
  24  2:48  Marine  
  25  2:52  Supply Depot  
  25  2:55  Marine  
  26  3:07  SCV, Marauder  
  29  3:12  Marine  
  29  3:19  SCV  
  31  3:24  Engineering Bay  
  31  3:27  Marine  
  31  3:30  Marine  
  31  3:31  SCV  
  34  3:34  Supply Depot  
  34  3:43  SCV  
  34  3:46  Marauder  
  37  3:55  SCV  
  38  4:07  Marauder  
  38  4:08  SCV  
  41  4:29  Marauder  
  43  5:07  Barracks Tech Lab  
  43  5:12  Stimpack, SCV, Factory  
  44  5:17  Factory  
  44  5:24  Supply Depot, SCV  
  44  5:25  Terran Infantry Weapons Level 1  
  44  5:26  Marine, Concussive Shells  
  42  5:34  Marine  
  33  5:44  Marine  
  31  5:52  Marine  
  32  6:00  Starport  
  32  6:02  Marine, Factory Tech Lab x2  
  33  6:08  Combat Shield  
  33  6:10  Marine  
  34  6:16  Starport  
  34  6:20  Marine  
  34  6:21  Hellion  
  34  6:24  Missile Turret  
  37  6:28  Missile Turret  
  37  6:29  Marine  
  38  6:37  Starport Tech Lab  
  38  6:38  Marauder  
  40  6:47  Marauder  
  40  6:53  Siege Tank, Barracks  
  45  6:57  Bunker, Starport Tech Lab  
  45  7:01  Widow Mine  
  45  7:04  Raven  
  49  7:10  Marauder  
  51  7:18  Marauder  
  51  7:20  Terran Infantry Armor Level 1  
  48  7:31  Marine  
  49  7:39  Marine  
  49  7:41  Marine  
  51  7:45  Raven  
  51  7:49  Supply Depot  
  51  7:51  Siege Tank  
  56  7:59  Widow Mine  
  56  8:08  Marine  
  56  8:09  Sensor Tower  
  50  8:17  Marine  
  44  8:26  Widow Mine  
  43  8:33  Marine  
  44  8:41  Marine  
  45  8:49  Marine  
  46  8:57  Marine  
  46  9:01  SCV  
  47  9:04  Marauder  
  49  9:14  Command Center  
  49  9:15  Marauder  
  51  9:19  Siege Tank  
  54  9:26  Viking  
  56  9:32  Viking  
  58  9:39  Marauder  
  60  9:56  Medivac  
  61  10:00  Marine, Supply Depot  
  61  10:02  Medivac  
  59  10:07  Marine  
  59  10:14  Marine  
  60  10:21  Marine  
  62  10:25  Medivac  
  62  10:27  Marine  
  56  10:34  Marine  
  56  10:35  Refinery, SCV  
  58  10:40  Refinery  
  59  10:42  SCV  
  59  10:47  SCV  
  60  10:54  SCV  
  62  10:59  SCV  
Show
View Real Time Build Order
Export as new Build Order

A.I. 2 (Hard) Protoss 

Build Orders:  

Get SALT Encoding   

  12  0:01  Probe  
  13  0:13  Probe  
  14  0:21  Pylon  
  14  0:25  Probe  
  15  0:35  Probe  
  16  0:44  Probe  
  16  0:49  Assimilator  
  17  0:52  Gateway  
  17  0:53  Probe  
  18  1:01  Probe  
  18  1:04  Pylon  
  19  1:25  Probe  
  20  1:39  Zealot  
  22  1:41  Cybernetics Core  
  22  1:48  Gateway  
  22  2:02  Pylon  
  22  2:03  Zealot  
  24  2:19  Warp Gate  
  24  2:29  Adept  
  24  2:35  Stalker  
  28  2:39  Probe  
  28  2:42  Pylon  
  29  2:48  Assimilator  
  29  2:51  Probe  
  30  2:57  Adept  
  30  2:59  Adept  
  30  3:03  Probe  
  30  3:04  Forge  
  35  3:15  Probe  
  36  3:25  Adept  
  36  3:27  Probe  
  39  3:39  Probe  
  40  4:16  Protoss Ground Weapons Level 1  
  40  4:17  Stalker  
  40  4:19  Probe  
  43  4:25  Pylon  
  43  4:26  Sentry  
  43  4:30  Photon Cannon  
  43  4:31  Probe  
  46  4:35  Photon Cannon  
  46  4:43  Stalker  
  48  4:48  Pylon  
  48  4:52  Sentry  
  50  4:54  Robotics Facility  
  50  5:06  Stalker  
  38  5:15  Zealot  
  40  5:25  Adept  
  42  5:36  Adept  
  44  5:43  Observer  
  44  5:44  Stalker  
  44  5:46  Gateway  
  47  5:53  Forge  
  47  5:56  Zealot  
  49  6:05  Observer  
  49  6:07  Protoss Ground Armor Level 1  
  50  6:13  Stargate  
  50  6:30  Twilight Council  
  50  7:13  Zealot  
  48  7:22  Zealot  
  48  7:30  Adept  
  50  7:47  Observer  
  50  7:59  Robotics Facility  
  50  8:00  Nexus  
  50  8:02  Stargate  
  50  8:05  Phoenix  
  50  8:06  Pylon  
  50  8:08  Warp Prism  
  50  8:09  Gateway  
  54  8:31  Stalker  
  50  8:41  Stalker, Warp Prism  
  44  8:46  Observer  
  49  8:52  Zealot  
  49  9:05  Immortal  
  49  9:07  Warp Prism  
  44  9:23  Stalker  
  50  9:24  Assimilator  
  50  9:28  Assimilator  
  50  9:33  Stalker  
  52  9:39  Immortal  
  52  9:43  Observer  
  57  9:53  Probe  
  57  9:54  Sentry  
  57  9:57  Probe  
  61  10:04  Phoenix  
  61  10:05  Probe  
  64  10:09  Probe  
  65  10:17  Probe  
  65  10:18  Probe  
  67  10:27  Probe  
  67  10:30  Robotics Bay, Probe  
  67  10:35  Probe  
  69  10:42  Probe  
  71  10:43  Probe  
  72  10:53  Pylon  
  72  10:54  Probe  
  72  10:55  Fleet Beacon  
  72  10:56  Probe  
Show
View Real Time Build Order
Export as new Build Order

A.I. 1 (Hard) Protoss 

Build Orders:  

Get SALT Encoding   

  12  0:01  Probe  
  13  0:13  Probe  
  14  0:22  Pylon  
  14  0:25  Probe  
  15  0:36  Probe  
  16  0:44  Probe  
  17  0:50  Assimilator  
  17  0:53  Probe  
  17  0:54  Gateway  
  18  1:01  Probe  
  18  1:04  Pylon  
  19  1:26  Probe  
  20  1:43  Zealot  
  20  1:46  Cybernetics Core  
  22  1:50  Gateway  
  22  1:52  Assimilator  
  22  2:11  Pylon  
  22  2:19  Warp Gate  
  22  2:20  Stalker  
  24  2:36  Stalker  
  26  2:50  Stalker  
  28  3:02  Pylon  
  28  3:06  Adept  
  30  3:20  Stalker  
  32  3:27  Probe  
  33  3:36  Zealot  
  33  3:39  Probe  
  36  3:46  Pylon  
  36  3:50  Stalker  
  36  3:51  Probe  
  39  3:57  Adept  
  39  4:02  Forge  
  39  4:04  Probe  
  42  4:16  Probe  
  43  4:28  Stalker, Probe  
  46  5:59  Sentry  
  46  6:01  Protoss Ground Weapons Level 1, Probe  
  49  6:05  Gateway  
  49  6:09  Twilight Council  
  49  6:10  Zealot, Nexus  
  51  6:13  Probe  
  52  6:20  Pylon  
  52  6:21  Zealot  
  50  6:27  Photon Cannon  
  50  6:32  Sentry  
  48  6:37  Photon Cannon  
  48  6:40  Blink, Robotics Facility  
  48  6:42  Zealot  
  50  6:51  Pylon  
  50  6:52  Zealot  
  52  7:01  Stargate  
  52  7:03  Stalker  
  54  7:11  Forge  
  54  7:13  Adept  
  56  7:24  Probe  
  56  7:25  Probe  
  56  7:29  Observer  
  59  7:35  Pylon  
  59  7:36  Probe  
  60  7:37  Probe, Protoss Ground Armor Level 1  
  60  7:40  Pylon  
  61  7:48  Probe  
  61  7:50  Probe, Observer  
  64  8:00  Probe  
  64  8:02  Probe  
  64  8:04  Photon Cannon  
  66  8:08  Photon Cannon  
  66  8:12  Probe  
  67  8:14  Probe  
  68  8:21  Probe  
  68  8:23  Probe  
  70  8:29  Zealot, Probe  
  70  8:31  Probe  
  69  8:38  Probe  
  69  8:39  Zealot  
  69  8:40  Probe  
  74  8:50  Probe  
  74  8:52  Probe  
  76  9:00  Assimilator  
  75  9:03  Probe  
  75  9:04  Probe  
  75  9:08  Stalker  
  77  9:10  Assimilator  
  77  9:15  Probe  
  72  9:17  Probe  
  72  9:18  Zealot  
  75  9:27  Probe  
  75  9:29  Probe  
  75  9:30  Adept  
  69  9:39  Probe  
  69  9:41  Zealot, Probe  
  67  9:51  Probe  
  67  9:52  Adept  
  70  9:53  Probe  
  71  10:02  Sentry  
  71  10:03  Probe  
  74  10:13  Stalker  
  76  10:21  Sentry  
  76  10:22  Warp Prism  
  76  10:24  Gateway  
  80  10:29  Robotics Facility  
  80  10:30  Stalker  
  80  10:33  Stargate  
  82  10:41  Stalker  
  84  10:46  Pylon  
  84  10:50  Stalker  
  85  11:00  Stalker  
Show
View Real Time Build Order
Export as new Build Order

idunnou Terran 

Build Orders:  

Get SALT Encoding   

  12  0:06  SCV  
  13  0:14  Supply Depot  
  13  0:23  SCV  
  14  0:35  Refinery, SCV  
  15  0:44  Barracks  
  15  0:48  SCV  
  16  1:00  SCV  
  17  1:12  SCV  
  17  1:17  Engineering Bay  
  18  1:24  SCV  
  19  1:27  Refinery  
  19  1:36  SCV  
  20  1:42  Supply Depot  
  20  1:43  Marine  
  21  1:48  SCV  
  22  2:00  SCV  
  23  2:03  Supply Depot, Marine  
  24  2:21  Marine  
  24  2:22  Factory  
  25  2:26  Barracks  
  25  2:39  Marine  
  26  2:45  Engineering Bay  
  26  2:50  Supply Depot  
  26  2:57  Marine  
  27  3:07  Factory Tech Lab  
  27  3:23  Barracks Reactor  
  27  3:28  Barracks Tech Lab, Supply Depot  
  27  3:36  Armory  
  27  3:47  Combat Shield  
  27  4:09  Marine  
  27  4:10  Marine  
  29  4:23  Armory  
  29  4:27  Marine  
  29  4:28  Marine  
  31  4:38  Sensor Tower  
  31  4:40  Marauder  
  31  4:45  Marine  
  33  4:46  Marine  
  35  5:01  Marauder  
  35  5:05  Terran Infantry Weapons Level 1, Terran Infantry Armor Level 1  
  35  5:06  Concussive Shells  
  37  5:23  Marauder  
  39  5:32  Starport  
  39  5:34  Supply Depot  
  39  5:44  Marauder  
  41  5:56  Supply Depot  
  41  5:59  Orbital Command  
  41  6:14  Command Center  
  41  6:42  Marine x2  
  40  7:00  Marine x2  
  29  7:15  Siege Tank  
  32  7:17  Marine  
  32  7:18  Marine  
  34  7:35  Marine  
  34  7:36  Marine  
  36  7:37  SCV  
  37  7:47  Siege Tank  
  37  7:49  SCV  
  41  7:59  Marauder  
  41  8:01  SCV  
  44  8:13  SCV  
  44  8:19  Siege Tank  
  48  8:20  Marauder  
  48  8:25  SCV  
  51  8:37  SCV  
  52  8:41  Marauder  
  54  8:50  SCV  
  55  9:02  SCV  
  56  9:03  Marauder  
  58  9:14  SCV  
  55  9:25  Starport Reactor  
  55  9:28  SCV  
  56  9:38  Marine x2  
  57  9:40  SCV, Marauder  
  61  9:53  SCV  
  61  9:56  Marine x2  
  64  10:02  Marauder  
  64  10:03  Siege Tank  
  64  10:05  SCV, Medivac x2  
  74  10:13  Marine  
  75  10:14  Marine  
  75  10:17  SCV  
  77  10:23  Marauder  
  72  10:31  Marine  
  72  10:32  Marine  
  59  10:35  Siege Tank  
  62  10:44  Marauder  
Tags
 
Add a new tag
Caveats
  • Supply blocks, unpowered buildings, or Contaminate may cause inaccurate times.
  • Supply counts are checked every 10 seconds.